 Dungeon Crawl Stone Soup version 0.24-a0-693-g39a19ac0f1 (webtiles) character file.

Game seed: 14552520288701092851, levelgen mode: deterministic

4323 Erlindor the Summoner (level 10, 0/52 HPs)
             Began as a Vine Stalker Summoner on Sept 24, 2019.
             Was a High Priest of Vehumet.
             Slain by a quokka (1 damage)
             ... on level 10 of the Dungeon on Sept 28, 2019.
             The game lasted 01:09:08 (10892 turns).

Erlindor the Summoner (Vine Stalker Summoner)      Turns: 10892, Time: 01:09:08

Health: 0/52       AC:  4    Str: 11    XL:     10   Next: 33%
Magic:  0/39       EV: 12    Int: 18    God:    Vehumet [*****.]
Gold:   447        SH:  0    Dex: 15    Spells: 7/28 levels left

rFire    . . .     SeeInvis .   j - staff of power
rCold    . . .     Gourm    .   (no shield)
rNeg     . . .     Faith    .   H - +1 robe {MR+}
rPois    .         Spirit   +   (no helmet)
rElec    .         Reflect  .   (no cloak)
rCorr    .         Harm     .   (no gloves)
MR       +++..                  Q - +0 pair of boots {run}
Stlth    ++........             (no amulet)
HPRegen  0.57/turn              s - ring of protection from magic
MPRegen  0.26/turn              F - ring of wizardry

@: about to teleport, quick
A: fangs 3, regeneration 1, magic shield, antimagic bite, no potion heal 3, rot
immunity
a: Renounce Religion


You were on level 10 of the Dungeon.
You worshipped Vehumet.
Vehumet was extremely pleased with you.
You were not hungry.

You visited 1 branch of the dungeon, and saw 10 of its levels.
You also visited: Sewer.

You collected 717 gold pieces.
You spent 270 gold pieces at shops.

Inventory:

Hand Weapons
 o - a +0 dagger of venom
 I - a +0 hand axe of flaming
Missiles
 d - 507 stones (quivered)
 r - 56 poisoned darts
 B - a throwing net
Armour
 H - a +1 robe of magic resistance (worn)
 Q - a +0 pair of boots of running (worn)
Magical Staves
 j - an uncursed staff of power (weapon)
 O - an uncursed staff of poison
Jewellery
 l - an uncursed ring of flight
 s - a ring of protection from magic (left hand)
 F - a ring of wizardry (right hand)
Wands
 g - a wand of clouds (7)
 A - a wand of acid (21)
 D - a wand of disintegration (6)
 G - a wand of polymorph (7)
 N - a wand of random effects (11)
 P - a wand of digging (7)
Scrolls
 e - 12 scrolls of teleportation
 f - 3 scrolls of enchant armour {unknown}
 i - a scroll of random uselessness {unknown}
 k - 2 scrolls of magic mapping
 m - 5 scrolls of remove curse
 w - 3 scrolls of amnesia {unknown}
 y - a scroll of blinking {unknown}
 C - 3 scrolls of noise {unknown}
 J - a scroll of enchant weapon {unknown}
 L - a scroll of identify
Potions
 a - a potion of invisibility {unknown}
 b - a potion of lignification {unknown}
 h - 2 potions of agility
 n - 3 potions of haste
 p - a potion of resistance
 q - 2 potions of might
 t - 2 potions of berserk rage
 u - 6 potions of curing
 v - 2 potions of heal wounds {unknown}
 x - a potion of cancellation {unknown}
 z - 2 potions of flight
 E - 2 potions of mutation
 M - a potion of degeneration {unknown}
Comestibles
 c - 18 rations
 K - 6 chunks of flesh


   Skills:
 * Level 5.6 Fighting
 - Level 1.5 Dodging
 - Level 2.4 Stealth
 + Level 9.7 Spellcasting
 - Level 2.0 Conjurations
 + Level 10.0 Summonings


You had 7 spell levels left.
You knew the following spells:

 Your Spells              Type           Power        Failure   Level  Hunger
a - Summon Small Mammal   Summ           ####         1%          1    None
b - Call Imp              Summ           #####...     1%          2    None
c - Magic Dart            Conj           ###.         1%          1    None
d - Summon Ice Beast      Ice/Summ       ####....     4%          4    ###....
e - Mephitic Cloud        Conj/Pois/Air  ##......     2%          3    None
f - Summon Lightning Spi  Summ/Air       ####....     4%          4    ###....
g - Shadow Creatures      Summ           N/A          9%          6    ######.

Your spell library contained the following spells:

 Spells                   Type           Power        Failure   Level  Hunger
 Iskenderun's Battlesphe  Conj/Chrm      ##......     16%         5    #####..
 Call Canine Familiar     Summ           #####...     1%          3    None
 Conjure Flame            Conj/Fire      ##......     1%          3    None
 Summon Guardian Golem    Hex/Summ       ####....     1%          3    None
 Corona                   Hex            #......      3%          1    None
 Inner Flame              Hex/Fire       #.......     3%          3    None
 Blink                    Tloc           N/A          4%          2    None
 Ensorcelled Hibernation  Hex/Ice        #.....       4%          2    None
 Poisonous Vapours        Pois/Air       #.....       4%          2    None
 Slow                     Hex            #.......     4%          2    None
 Portal Projectile        Hex/Tloc       #.....       10%         3    None
 Cause Fear               Hex            #.........   32%         4    ###....
 Leda's Liquefaction      Hex/Erth       #.........   32%         4    ###....
 Freezing Cloud           Conj/Ice/Air   ##........   61%         6    ######.
 Borgnjor's Vile Clutch   Necr/Erth      #.........   63%         5    #####..
 Silence                  Hex/Air        #.........   63%         5    #####..
 Darkness                 Hex            #.........   99%         6    ######.
 Ring of Flames           Chrm/Fire      #.........   100%        7    #######


Dungeon Overview and Level Annotations

Branches:
Dungeon (10/15)            Temple (0/1) D:7           Sewer (visited)
   Lair: D:8-11         Orc: D:9-12

Altars:
Fedhas
Gozag
Makhleb
Okawaru
Qazlal
Sif Muna
Vehumet
Wu Jian
Zin
The Shining One

Shops:
D:8 !   D:9 [


Innate Abilities, Weirdness & Mutations

You have razor-sharp teeth.
Your natural rate of healing is unusually fast.
When hurt, damage is shared between your health and your magic reserves.
Your bite disrupts and absorbs the magic of your enemies.
Potions cannot restore your health.
You are immune to rotting.


Message History

Your lightning spire disappears in a puff of smoke!
The centaur warrior closely misses you.
The centaur warrior hits you with a cursed +0 longbow!
* * * LOW HITPOINT WARNING * * *
You have no ailments to cure.
Unknown command.
The quokka closely misses you.
Casting: Summon Lightning Spire (safe; 4% risk of failure)
Confirm with . or Enter, or press ? or * to list all spells.
Aiming: Magic Dart (safe; 1% risk of failure)
Press: ? - help, Shift-Dir - straight line, f - quokka
Aim: a quokka The magic dart hits the quokka but does no damage.
The quokka misses you.
A merfolk comes into view. It is wielding a +0 spear.
The quokka bites you.
* * * LOW HITPOINT WARNING * * *
As you read the scroll of teleportation, it crumbles to dust.
You feel strangely unstable. The quokka bites you.
You die...

##
..##.###...#####..#.
#.. #.
#...(......###...
#..##.
#####.#.....##..#
##...#.###
#..##.#.##...
#...(....#
##.##...#..#.
#......c8##
#.###.....#.
#........(#
##.#.....#...
#.#####Y#r#
#............
#$@(###.#####..#.##
##....#.# #.....#
##.(...# ##.....
#.^.........# ###.#.
.c##..m..##..>.. ...
......... ...... ..#
##..(#########). ..
#... # ##..


You could see a merfolk, a centaur warrior, a quokka and a friendly ice beast.

Vanquished Creatures
  Psyche (D:8)
  2 hippogriffs (D:8)
  A yak (D:9)
  A black bear (D:6)
  A sky beast (D:6)
  2 centaurs (D:6)
  2 crocodiles
  2 big kobolds (D:6)
  2 bullfrogs
  2 electric eels (D:6)
  A crimson imp (D:6)
  5 hounds
  A centaur skeleton (D:4)
  2 orc priests
  3 orc wizards
  An iron imp (D:7)
  Ijyb (D:3)
  2 iguanas
  3 worker ants
  A hound zombie (D:7)
  2 hound skeletons
  A howler monkey skeleton (D:8)
  2 gnolls (D:6)
  9 adders
  2 shadow imps (D:6)
  An adder skeleton (D:6)
  2 worms (D:4)
  2 dart slugs (D:1)
  3 leopard geckos
  3 orcs (D:7)
  2 ball pythons
  A giant cockroach (D:8)
  30 goblins
  10 hobgoblins
  2 jackals
  3 quokkas
  2 bats
  A frilled lizard (D:2)
  7 kobolds
  A leopard gecko skeleton (D:8)
  A quokka skeleton (D:5)
123 creatures vanquished.

Vanquished Creatures (collateral kills)
  A troll (D:10)
  Grinder (D:3)
  A hornet (D:8)
  2 hippogriffs (D:8)
  5 yaks (D:9)
  Eustachio (D:6)
  A hungry ghost (D:8)
  A sky beast (D:9)
  2 orc warriors
  2 ogres
  A black bear (D:10)
  A phantom (D:8)
  3 big kobolds
  4 bullfrogs
  An electric eel (D:6)
  3 howler monkeys (D:7)
  A crimson imp (D:9)
  A jelly (D:8)
  2 centaur zombies
  A bullfrog skeleton (D:8)
  4 hounds
  A gnoll shaman (D:8)
  An iguana (D:9)
  4 orc wizards
  4 worker ants
  2 killer bee zombies
  6 adders
  7 gnolls
  2 shadow imps
  An ooze (D:2)
  2 worms (D:3)
  3 dart slugs
  25 orcs
  2 giant cockroaches (D:2)
  15 goblins
  17 hobgoblins
  2 jackals
  A quokka (D:6)
  3 bats
  2 frilled lizards
  10 kobolds
  A leopard gecko skeleton (D:8)
  A quokka skeleton (D:9)
  A quokka zombie (D:9)
  8 rats
160 creatures vanquished.

Vanquished Creatures (others)
  Maurice (D:9)
1 creature vanquished.

Grand Total: 284 creatures vanquished

Notes
Turn   | Place    | Note
-------+----------+-------------------------------------------
     0 | D:1      | Erlindor the Vine Stalker Summoner began the quest for the
                  | Orb.
     0 | D:1      | Reached XP level 1. HP: 9/9 MP: 4/4
   373 | D:1      | Reached XP level 2. HP: 13/13 MP: 2/6
   978 | D:1      | Learned a level 2 spell: Call Imp
  1359 | D:2      | Found a radiant altar of Vehumet.
  1379 | D:2      | Became a worshipper of Vehumet
  1391 | D:2      | Reached XP level 3. HP: 13/16 MP: 6/8
  1534 | D:2      | You fall into a shaft and drop 1 floor!
  1535 | D:3      | Noticed Grinder
  1560 | D:3      | Found a blossoming altar of Fedhas.
  1626 | D:3      | Gained mutation: Your natural rate of healing is unusually
                  | fast. [Vine Stalker growth]
  1626 | D:3      | Reached XP level 4. HP: 18/21 MP: 10/10
  1666 | D:3      | Found an ornate altar of the Wu Jian Council.
  1820 | D:2      | Reached skill level 5 in Summonings
  2101 | D:2      | Found a faded altar of an unknown god.
  2334 | D:3      | Killed Grinder
  2334 | D:3      | Reached XP level 5. HP: 15/24 MP: 3/12
  2444 | D:3      | Reached * piety under Vehumet
  2444 | D:3      | Offered knowledge of Magic Dart by Vehumet.
  2529 | D:3      | Noticed Ijyb
  2532 | D:3      | Learned a level 1 spell: Magic Dart
  2552 | D:3      | Killed Ijyb
  2552 | D:3      | Reached XP level 6. HP: 28/28 MP: 6/13
  2937 | D:4      | Found a glowing drain.
  2965 | Sewer    | Entered a sewer
  2985 | Sewer    | Upgraded the game from 0.24-a0-640-ge7cd8ce796 to
                  | 0.24-a0-652-g46ecf6da75
  3081 | Sewer    | Reached skill level 1 in Conjurations
  3334 | D:4      | Reached skill level 5 in Spellcasting
  3334 | D:4      | Reached skill level 6 in Summonings
  3680 | D:4      | Reached XP level 7. HP: 30/32 MP: 10/15
  4011 | D:5      | Entered Level 5 of the Dungeon
  4081 | D:5      | Offered knowledge of Shock by Vehumet.
  4100 | D:5      | Reached ** piety under Vehumet
  4453 | D:5      | Found a stormy altar of Qazlal.
  4456 | D:5      | Found a shimmering blue altar of Sif Muna.
  4459 | D:5      | Found a glowing golden altar of the Shining One.
  4585 | D:6      | Noticed Eustachio
  4929 | D:6      | Upgraded the game from 0.24-a0-652-g46ecf6da75 to
                  | 0.24-a0-693-g39a19ac0f1
  5006 | D:6      | Reached skill level 7 in Summonings
  5028 | D:6      | Gained mutation: You have razor-sharp teeth. [Vine Stalker
                  | growth]
  5028 | D:6      | Reached XP level 8. HP: 27/36 MP: 10/18
  5288 | D:6      | Killed Eustachio
  5351 | D:6      | Offered knowledge of Ignite Poison by Vehumet.
  5740 | D:6      | Reached *** piety under Vehumet
  5909 | D:6      | Offered knowledge of Dazzling Spray by Vehumet.
  6023 | D:6      | Learned a level 4 spell: Summon Ice Beast
  6126 | D:6      | Reached skill level 8 in Summonings
  6976 | D:6      | Reached **** piety under Vehumet
  7620 | D:7      | Found an iron altar of Okawaru.
  7761 | D:7      | Found a staircase to the Ecumenical Temple.
  7895 | D:7      | Reached XP level 9. HP: 39/39 MP: 22/22
  8070 | D:7      | Offered knowledge of Airstrike by Vehumet.
  8323 | D:7      | Found a burning altar of Makhleb.
  8338 | D:7      | Reached skill level 9 in Summonings
  8741 | D:8      | Learned a level 3 spell: Mephitic Cloud
  8978 | D:8      | Reached skill level 1 in Fighting
  9025 | D:8      | Found Nupigesay's Distillery.
  9081 | D:8      | Reached ***** piety under Vehumet
  9081 | D:8      | Offered knowledge of Iskenderun's Battlesphere by Vehumet.
  9106 | D:8      | Noticed Psyche
  9117 | D:8      | Killed Psyche
  9252 | D:8      | Found an opulent altar of Gozag.
  9614 | D:8      | Noticed a hornet
  9622 | D:8      | Paralysed by a hornet for 3 turns
  9760 | D:8      | Killed a hornet
  9936 | D:9      | Noticed Maurice
  9941 | D:9      | Killed Maurice
  9941 | D:9      | Reached XP level 10. HP: 34/49 MP: 10/24
 10096 | D:9      | Found Faew Ulu's Antique Armour Shop.
 10107 | D:9      | Bought a pair of embroidered boots for 270 gold pieces
 10118 | D:9      | Identified a +0 pair of boots of running (You bought it in
                  | a shop on level 9 of the Dungeon)
 10197 | D:9      | Learned a level 4 spell: Summon Lightning Spire
 10218 | D:9      | Reached skill level 10 in Summonings
 10222 | D:9      | Reached skill level 5 in Fighting
 10489 | D:9      | Found a glowing silver altar of Zin.
 10669 | D:10     | Entered Level 10 of the Dungeon
 10783 | D:10     | Learned a level 6 spell: Shadow Creatures
 10876 | D:10     | Noticed a centaur warrior
 10891 | D:10     | HP: 1/52 [quokka (4)]
 10892 | D:10     | Slain by a quokka

Levels and vault maps discovered:
D:1:      dpeg_arrival_rooms_b, layout_loops_ring
D:2:      wander_river, layout_rooms, old_standard_altar,
          chequers_ecumenical_altar_lobes, minmay_misc_feat_four_crosses,
          hex_medium
D:3:      layout_rooms, lemuel_coloured_pillars_altar,
          overflow_temple_1_default, uniq_ijyb, uniq_grinder
D:4:      layout_loops_ring, cheibrodos_sewer_entry_bend,
          minmay_misc_feat_columns, grunt_ministairs_2, dk_vineyard_2
D:5:      layout_rooms, grunt_temple_overflow_diamond, first_ration
D:6:      minmay_goblin_kobold_castle, layout_rooms, grunt_decor_arrowhead,
          minmay_misc_feat_diagonals, uniq_eustachio
D:7:      layout_basic, makhleb_grotto_becter,
          minmay_temple_entry_enclosed_plants, basic_altar,
          hangedman_minor_gate_pass
D:8:      layout_basic, grunt_gozag_statues, serial_shops, shop, enter_bailey_3,
          grunt_ministairs_6, uniq_psyche
D:9:      layout_rooms, zin_statuary, serial_shops, shop, uniq_maurice
D:10:     layout_rooms, hangedman_fish_farm

Skill      XL: |  1  2  3  4  5  6  7  8  9 10 |
---------------+-------------------------------+-----
Spellcasting   | 3 4 5 6 8 9 |  9.7
Summonings     | 5 6 7 8 9 10 | 10.0
Conjurations   | 1 2 |  2.0
Fighting       | 4 5 |  5.6
Dodging        | |  1.5
Stealth        | |  2.4

Action                   |  1- 3 |  4- 6 |  7- 9 | 10-12 || total
-------------------------+-------+-------+-------+-------++-------
Melee: Short sword       |    15 |       |       |       ||    15
       Unarmed           |     4 |       |       |       ||     4
       Bite              |     9 |    28 |    78 |     7 ||   122
       Dagger            |    14 |   115 |   285 |    25 ||   439
       Staff             |       |       |       |     4 ||     4
Throw: Stone             |       |       |     7 |       ||     7
 Cast: Summon Small Mamm |    22 |    17 |     4 |     1 ||    44
       Call Imp          |     2 |    20 |    59 |     1 ||    82
       Magic Dart        |       |     2 |    88 |     9 ||    99
       Summon Ice Beast  |       |       |    39 |    16 ||    55
       Summon Lightning  |       |       |       |     6 ||     6
Evoke: Wand              |       |       |     4 |       ||     4
  Use: Scroll            |     5 |     2 |     7 |     1 ||    15
       Potion            |       |       |     1 |       ||     1
 Stab: Sleeping          |     1 |     1 |     3 |       ||     5
       Distracted        |       |     3 |     2 |     1 ||     6
  Eat: Chunk             |     2 |     7 |    15 |     4 ||    28
       Ration            |       |       |     3 |       ||     3
Armor: Robe              |     4 |    21 |    59 |     6 ||    90
Dodge: Dodged            |    27 |    60 |   256 |    32 ||   375

Table legend:
 A = Non-vault XP
 B = Vault XP
 C = Vault XP percentage of total XP
 D = Non-vault monster count
 E = Vault monster count
 F = Vault count percentage of total count
                 A         B        C        D         E       F
            +---------+---------+-------+---------+---------+-------
      Total |    4770 |    1406 |  22.8 |     199 |      85 |  29.9
            +---------+---------+-------+---------+---------+-------
        D:1 |      27 |       0 |   0.0 |      18 |       0 |   0.0
        D:2 |      74 |       0 |   0.0 |      25 |       0 |   0.0
        D:3 |      79 |     163 |  67.4 |      18 |       2 |  10.0
        D:4 |     204 |      23 |  10.1 |      13 |       3 |  18.8
        D:5 |      88 |       0 |   0.0 |       9 |       0 |   0.0
        D:6 |     971 |     527 |  35.2 |      37 |      63 |  63.0
        D:7 |     365 |      62 |  14.5 |      19 |       3 |  13.6
        D:8 |    1398 |     449 |  24.3 |      36 |       7 |  16.3
        D:9 |     920 |     101 |   9.9 |      15 |       1 |   6.2
       D:10 |     644 |       0 |   0.0 |       9 |       0 |   0.0
      Sewer |       0 |      81 | 100.0 |       0 |       6 | 100.0
            +---------+---------+-------+---------+---------+-------
